 Dungeon Crawl Stone Soup version 0.28.0-47-ge53b351184 (webtiles) character file.

Game seed: 17677096047310140177

777 boopmooplesden the Slasher (level 7, -13/61 HPs)
             Began as a Green Draconian Berserker on May 1, 2022.
             Was a Priest of Trog.
             Mangled by an orc warrior
             ... wielding a +0 battleaxe
              (18 damage)
             ... on level 6 of the Dungeon.
             The game lasted 00:05:21 (4814 turns).

boopmooplesden the Slasher (DrBe)                   Turns: 4814, Time: 00:05:22

Health: -13/61     AC:  9    Str: 19    XL:     7   Next: 54%
Magic:  7/7        EV: 11    Int:  8    God:    Trog [***...]
Gold:   175        SH:  6    Dex: 12    Spells: 6/6 levels left

rFire   . . .      SeeInvis .   a - +1 falchion
rCold   . . .      Faith    .   h - +0 kite shield
rNeg    . . .      Spirit   .   (armour unavailable)
rPois   +          Reflect  .   (helmet restricted)
rElec   .          Harm     .   n - +2 cloak
rCorr   .          Rampage  .   (no gloves)
Will    ++...                   (no boots)
Stlth   ++........              (no amulet)
HPRegen 1.20/turn               (no ring)
MPRegen 0.10/turn               (no ring)

@: strong-willed (expiring), on berserk cooldown, regenerating (expiring),
slowed, very slow
A: breathe noxious fumes, AC +6, unfitting armour, poison resistance,
cold-blooded
a: Breathe Noxious Fumes, Renounce Religion, Berserk, Trog's Hand


You were on level 6 of the Dungeon.
You worshipped Trog.
Trog was most pleased with you.
You visited 1 branch of the dungeon, and saw 6 of its levels.

You collected 175 gold pieces.

Inventory:

Hand Weapons
 a - a +1 falchion (weapon)
Armour
 h - a +0 kite shield (worn)
 n - a +2 cloak (worn)
Jewellery
 c - an amulet of faith
Wands
 f - a wand of paralysis (5)
 q - a wand of flame (17)
Scrolls
 b - 2 scrolls of fear {unknown}
 l - a scroll of identify
 p - a scroll of silence {unknown}
Potions
 d - a potion of ambrosia {unknown}
 e - a potion of brilliance
 g - a potion of resistance
 i - 4 potions of curing
 j - a potion of cancellation {unknown}
 k - 3 potions of invisibility {unknown}
 m - a potion of might {unknown}
 o - a potion of heal wounds {unknown}


   Skills:
 + Level 5.1 Fighting
 + Level 6.5 Long Blades
 + Level 4.7 Dodging
 + Level 2.0 Stealth
 + Level 0.1 Shields


You had 6 spell levels left.
You didn't know any spells.
Your spell library was empty.

Dungeon Overview and Level Annotations

Branches:
Dungeon (6/15)
 Temple: D:4-7

Altars:
Dithmenos
Elyvilon
Gozag
Nemelex Xobeh
Qazlal

Shops:
D:3 ?


Innate Abilities, Weirdness & Mutations

You can breathe blasts of noxious fumes.
Your lurid green scales are hard. (AC +6)
You cannot fit into any form of body armour.
Your system is resistant to poisons. (rPois)
You are cold-blooded and may be slowed by cold attacks.


Message History

The shadow imp hits you.
* * * LOW HITPOINT WARNING * * *
The orc warrior barely misses you.
There is a stone staircase leading down here.
The shadow imp hits you but does no damage.
The orc hits you but does no damage.
You climb downwards.
There is a stone staircase leading up here.
Your skin crawls.
You feel strong-willed.
The shadow imp grinds its teeth.
The shadow imp hits you but does no damage.
The orc warrior barely misses you. You block the shadow imp's attack.
The orc warrior barely misses you.
You barely miss the orc warrior.
The orc warrior is heavily wounded.
The shadow imp lashes its tail.
You block the shadow imp's attack. You block the orc warrior's attack.
The shadow imp hits you but does no damage.
You hit the orc warrior but do no damage.
Your tail-slap misses the orc warrior.
The orc warrior is heavily wounded.
You feel the effects of Trog's Hand fading.
The orc warrior completely misses you. You block the shadow imp's attack.
The orc warrior barely misses you.
You hit the orc warrior but do no damage.
The orc warrior is heavily wounded.
The shadow imp summons a swarm of flies.
The shadow imp barely misses you.
The orc warrior hits you with a +0 battleaxe!
* * * LOW HITPOINT WARNING * * *
The shadow imp closely misses you.
The orc warrior hits you with a +0 battleaxe!
* * * LOW HITPOINT WARNING * * *
Unknown command.
You slash the shadow imp!
You kill the shadow imp!
Trog accepts your kill.
The orc warrior hits you with a +0 battleaxe!!
You die...

###
#..
#.#
#o#
#@#
#.#
###


You could see an orc warrior.

Vanquished Creatures
  An ice beast (D:5)
  A bullfrog (D:3)
  A scorpion (D:5)
  2 bullfrog zombies (D:5)
  2 hounds
  A gnoll shaman (D:4)
  A jelly (D:5)
  An orc priest (D:5)
  A centaur skeleton (D:3)
  Terence (D:2)
  2 iguanas (D:5)
  A hound skeleton (D:4)
  Robin (D:3)
  7 gnolls (D:4)
  4 adders
  A shadow imp (D:6)
  A dart slug (D:3)
  11 orcs
  2 bats
  5 endoplasms
  4 giant cockroaches
  12 hobgoblins
  3 jackals (D:2)
  8 kobolds
  4 quokkas
  7 ball pythons
  5 frilled lizards
  11 goblins
  5 rats
106 creatures vanquished.

Notes
Turn   | Place    | Note
-------+----------+-------------------------------------------
     0 | D:1      | boopmooplesden the Draconian Berserker began the quest for
                  | the Orb.
     0 | D:1      | Reached XP level 1. HP: 19/19 MP: 1/1
   237 | D:1      | Reached XP level 2. HP: 26/26 MP: 2/2
   240 | D:1      | Found a faded altar of an unknown god.
   642 | D:2      | Found a shadowy altar of Dithmenos.
   723 | D:2      | Reached XP level 3. HP: 10/33 MP: 3/3
  1094 | D:2      | Noticed Terence
  1102 | D:2      | Killed Terence
  1259 | D:2      | Reached skill level 4 in Long Blades
  1259 | D:2      | Reached XP level 4. HP: 27/40 MP: 4/4
  1568 | D:3      | Noticed Robin
  1572 | D:3      | Reached ** piety under Trog
  1579 | D:3      | Killed Robin
  1973 | D:3      | Found a stormy altar of Qazlal.
  2088 | D:3      | Found Behuec's Magic Scroll Shop.
  2130 | D:3      | Reached XP level 5. HP: 45/46 MP: 5/5
  3217 | D:4      | Reached skill level 5 in Long Blades
  3217 | D:4      | Reached XP level 6. HP: 53/53 MP: 6/6
  3224 | D:4      | Reached skill level 1 in Stealth
  3342 | D:4      | Identified the +2 scale mail of the Peculiar Mouths {rElec
                  | Int+7 Dex+4}
  3563 | D:4      | Found a sparkling altar of Nemelex Xobeh.
  3939 | D:5      | Entered Level 5 of the Dungeon
  4084 | D:5      | Found an opulent altar of Gozag.
  4084 | D:5      | Noticed an ice beast
  4085 | D:5      | Found a white marble altar of Elyvilon.
  4104 | D:5      | Killed an ice beast
  4105 | D:5      | Your scales start taking on a lurid green colour.
  4105 | D:5      | Reached XP level 7. HP: 60/60 MP: 7/7
  4105 | D:5      | Gained mutation: Your system is resistant to poisons.
                  | (rPois) [Green Draconian growth]
  4401 | D:5      | Reached skill level 6 in Long Blades
  4480 | D:5      | Reached skill level 5 in Fighting
  4489 | D:5      | Reached *** piety under Trog
  4813 | D:6      | HP: 3/61 [orc warrior/+0 battleaxe (13)]
  4814 | D:6      | Mangled by an orc warrior

Illustrated notes

Levels and vault maps discovered:
D:1:      roderic_chinese_lattice_arrival, layout_basic,
          hellmonk_ecumenical_altar_inner_sanctum, nrook_mini_backslash,
          minmay_tree_intersection
D:2:      layout_rooms, basic_altar, st_stairs_3, uniq_terence
D:3:      layout_loops_corners, overflow_temple_1_default, serial_rivers,
          chequers_serial_rivers_room_a, chequers_serial_rivers_room_a,
          chequers_serial_rivers_micro_a, chequers_serial_rivers_micro_b,
          chequers_serial_rivers_small_a, serial_shops,
          nicolae_shop_statue_plus, uniq_robin
D:4:      layout_loops_ring, mainiacjoe_overflow_24_doors
D:5:      layout_gridville, mainiacjoe_overflow_catwalk_spiral
D:6:      layout_basic, fedhas_altar_4, gammafunk_temple_overflow_pools,
          minmay_temple_entry_arrows, serial_shops, nicolae_shop_waterfront,
          grunt_ministairs_8, kennysheep_generic_room_10

Skill      XL: |  1  2  3  4  5  6  7 |
---------------+----------------------+-----
Dodging        | 3 4 |  4.7
Long Blades    | 4 5 6 |  6.5
Fighting       | 4 5 |  5.1
Stealth        | 1 2 |  2.0
Shields        | |  0.1

Action                   |  1- 3 |  4- 6 |  7- 9 || total
-------------------------+-------+-------+-------++-------
Melee: Falchion          |    86 |   199 |    67 ||   352
       Tailslap          |     7 |    22 |     6 ||    35
       Punch             |     1 |     5 |       ||     6
Invok: Berserk           |     2 |     4 |     1 ||     7
       Trog's Hand       |       |       |     1 ||     1
  Use: Scroll            |       |    10 |       ||    10
Armor: Skin              |    47 |    53 |    23 ||   123
Dodge: Dodged            |    84 |   146 |    45 ||   275
Block: Kite shield       |       |       |    25 ||    25
